 Dungeon Crawl Stone Soup version 0.21-a0-278-ga722497 (webtiles) character file.

8969 4thArraOfDagon the Grappler (level 11, -1/109 HPs)
             Began as a Troll Skald on Sept 21, 2017.
             Was an Elder of Wu Jian.
             Slain by Agnes
             ... wielding a +0 lajatang
              (19 damage)
             ... on level 13 of the Dungeon.
             The game lasted 00:21:47 (4514 turns).

4thArraOfDagon the Grappler (Troll Skald)           Turns: 4514, Time: 00:21:48

Health: -1/109     AC:  6    Str: 20 (21) XL:     11   Next: 16%
Magic:  11/11      EV:  9    Int: 11 (12) God:    Wu Jian [****..]
Gold:   608        SH: 11    Dex: 13 (14) Spells: 8/12 levels left

rFire    . . .     SeeInvis .     - Unarmed
rCold    . . .     Gourm    +   d - +0 large shield
rNeg     . . .     Faith    .   p - +1 robe {MR+}
rPois    +         Spirit   .   (helmet restricted)
rElec    .         Reflect  .   (no cloak)
rCorr    .         Harm     .   (gloves unavailable)
MR       +....                  (boots unavailable)
Stlth    ++........             r - amulet of magic regeneration
HPRegen  0.68/turn              o - ring of poison resistance
MPRegen  0.37/turn              (no ring)

@: agile, heavily drained
A: unfitting armour, claws 3, deterioration 1, fast metabolism 3, gourmand,
regeneration 1, shaggy fur 1, tough skin 2
a: Serpent's Lash, Renounce Religion


You were on level 13 of the Dungeon.
You worshipped Wu Jian.
Wu Jian was greatly pleased with you.
You were full.

You visited 1 branch of the dungeon, and saw 14 of its levels.
You also visited: Sewer.

You collected 608 gold pieces.

Inventory:

Hand Weapons
 u - a +0 giant spiked club
Missiles
 K - 2 large rocks (quivered)
Armour
 a - a +0 robe
 d - a +0 large shield (worn)
 p - a +1 robe of magic resistance (worn)
Jewellery
 i - an uncursed ring of fire
 o - a ring of poison resistance (left claw)
 r - an amulet of magic regeneration (around neck)
 I - an uncursed ring of flight
Wands
 f - a wand of confusion (19/48)
 n - a wand of acid (2/15)
 q - a wand of acid (0/15)
 v - a wand of polymorph (18/24)
 E - a wand of confusion (31/48)
 L - a wand of clouds (0/9)
Scrolls
 g - 3 scrolls of remove curse
 j - 2 scrolls of teleportation {unknown}
 y - a scroll of silence
 z - 2 scrolls of amnesia {unknown}
 B - a scroll of recharging {unknown}
 C - 5 scrolls of magic mapping
 D - a scroll of enchant weapon {unknown}
 F - a scroll of immolation {unknown}
 H - a scroll of fear {unknown}
Potions
 e - 4 potions of lignification {unknown}
 h - a potion of invisibility
 k - 4 potions of flight {unknown}
 l - a potion of ambrosia
 s - a potion of agility
 t - a potion of might {unknown}
 w - a potion of haste {unknown}
 x - a potion of brilliance {unknown}
 A - 5 potions of curing
Books
 b - a book of Battle

   Spells                             Type                      Level
   a - Infusion                       Charms                       1
   b - Shroud of Golubria             Charms/Translocation         2
   c - Song of Slaying                Charms                       2
   d - Spectral Weapon                Hexes/Charms                 3
   e - Regeneration                   Charms/Necromancy            3
Comestibles
 c - 5 bread rations
 G - 2 meat rations
 J - 7 royal jellies


   Skills:
 + Level 7.6(6.0) Fighting
 - Level 1.9(0.6) Dodging
 * Level 14.5(12.7) Unarmed Combat
 - Level 1.2(0.0) Spellcasting
 - Level 2.0(0.6) Charms


You had 8 spell levels left.
You knew the following spells:

 Your Spells              Type           Power        Failure   Level  Hunger
a - Infusion              Chrm           #...         100%        1    ##.....
b - Regeneration          Chrm/Necr      #.........   100%        3    ####...


Dungeon Overview and Level Annotations

Branches:
Dungeon (14/15)              Lair (0/6) D:8             Orc (0/2) D:9
 Temple: D:4-7       Vaults: D:13-14

Altars:
Ashenzari
Cheibriados
Makhleb
Wu Jian
Zin
The Shining One

Shops:
D:4 %   D:5 =   D:9 ([

Annotations:
D:13 Agnes


Innate Abilities, Weirdness & Mutations

You are too large for most types of armour.
You have claws for hands.
Your metabolism is lightning-fast.
You like to eat raw meat.
Your natural rate of healing is unusually fast.
You are covered in fur. (AC +1)
You have very tough skin. (AC +2)
Your body sometimes deteriorates upon taking damage.


Message History

Your body deteriorates!
You feel weakened.
Unknown command.
Unknown command.
You feel agile all of a sudden. Something hits you!!
Unknown command.
You feel much better. Something hits you! x2
* * * LOW HITPOINT WARNING * * *
Your body deteriorates!
You feel dopey.
Unknown command.
Unknown command.
You feel much better. Something hits you!
Unknown command.
You closely miss something. Something hits you!
* * * LOW HITPOINT WARNING * * *
Your body deteriorates!
You feel clumsy. You block something's attack.
Unknown command.
You mangle something!! Something hits you!!
You die...

.......................
........................
........................
........................
..(...............§§§...
###(.............§§§§...
.................§§§§...
................§{§§....
................@§......
........................
..#.....................
..#.....................
..#....................)
..#.....................
. #......###############
#....... .


There were no monsters in sight!

Vanquished Creatures
  A two-headed ogre (D:11)
  The ghost of nikopol the Thaumaturge, a novice DEFE of Vehumet (D:9)
  2 ugly things
  A cyclops (D:11)
  A centaur zombie (D:10)
  A centaur skeleton (D:11)
  A queen bee (D:11)
  3 hippogriffs
  A wyvern (D:11)
  A wraith (D:13)
  5 yaks (D:10)
  3 hungry ghosts
  3 phantoms
  4 ogres
  3 centaurs
  Blork the orc (D:6)
  2 bullfrogs (D:7)
  4 big kobolds
  A wyvern zombie (D:10)
  3 scorpions (D:8)
  21 killer bees (D:11)
  8 wights
  A howler monkey (D:8)
  5 crimson imps
  2 quasits (D:8)
  A gnoll shaman (D:7)
  2 hounds (D:7)
  2 iguanas
  2 jellies
  5 orc wizards
  A bullfrog skeleton (D:6)
  Jessica (D:3)
  6 worker ants
  A killer bee zombie (D:9)
  A howler monkey skeleton (D:7)
  3 gnolls (D:7)
  8 adders
  2 river rats
  3 oozes
  An adder zombie (D:9)
  An adder skeleton (D:5)
  3 worms
  4 leopard geckos
  14 orcs
  A ball python (D:4)
  9 giant cockroaches
  4 goblins (D:1)
  4 hobgoblins
  4 jackals
  A quokka (D:6)
  11 bats
  2 frilled lizards
  2 jackal zombies
  22 kobolds
  A quokka skeleton (D:4)
  9 rats
  A fungus (D:8)
211 creatures vanquished.

Notes
Turn   | Place    | Note
-------+----------+-------------------------------------------
     0 | D:1      | 4thArraOfDagon the Troll Skald began the quest for the Orb.
     0 | D:1      | Reached XP level 1. HP: 19/19 MP: 1/1
    67 | D:2      | Reached XP level 2. HP: 27/27 MP: 2/2
    83 | D:2      | Found a shattered altar of Ashenzari.
   120 | D:2      | Found an ornate altar of the Wu Jian Council.
   127 | D:2      | Became a worshipper of the Wu Jian Council
   157 | D:2      | Reached skill level 3 in Unarmed Combat
   449 | D:3      | Reached XP level 3. HP: 33/33 MP: 3/3
   562 | D:3      | Noticed Jessica
   579 | D:3      | Killed Jessica
   579 | D:3      | Reached skill level 4 in Unarmed Combat
   627 | D:3      | Reached XP level 4. HP: 41/41 MP: 4/4
   833 | D:4      | Reached skill level 5 in Unarmed Combat
   846 | D:4      | Reached XP level 5. HP: 24/48 MP: 5/5
   911 | D:4      | Reached * piety under Wu Jian
   939 | D:4      | Found Akuneuf's Food Shoppe.
   991 | D:4      | Found a glowing drain.
  1018 | Sewer    | Entered a sewer
  1028 | Sewer    | Reached skill level 6 in Unarmed Combat
  1078 | Sewer    | Reached XP level 6. HP: 55/55 MP: 6/6
  1102 | Sewer    | Found a white marble altar of Elyvilon.
  1224 | D:5      | Entered Level 5 of the Dungeon
  1323 | D:5      | Found Jonej's Jewellery Shoppe.
  1386 | D:6      | Reached skill level 7 in Unarmed Combat
  1416 | D:6      | Reached XP level 7. HP: 56/62 MP: 7/7
  1475 | D:6      | Noticed Blork the orc
  1483 | D:6      | Killed Blork the orc
  1483 | D:6      | Reached skill level 8 in Unarmed Combat
  1602 | D:6      | Found a glowing silver altar of Zin.
  1790 | D:7      | Reached skill level 9 in Unarmed Combat
  1870 | D:7      | Reached ** piety under Wu Jian
  1913 | D:8      | Reached XP level 8. HP: 65/72 MP: 8/8
  1997 | D:8      | Noticed a hippogriff
  2016 | D:8      | Killed a hippogriff
  2016 | D:8      | Reached skill level 10 in Unarmed Combat
  2024 | D:8      | Learned a level 3 spell: Regeneration
  2071 | D:7      | Thaneod: finally good co,bo
  2076 | D:7      | Thaneod: combo*
  2103 | D:7      | Found a burning altar of Makhleb.
  2104 | D:7      | Noticed a green death
  2105 | D:7      | Found a glowing silver altar of Zin.
  2106 | D:7      | Noticed an angel
  2220 | D:8      | Noticed a hippogriff
  2234 | D:8      | Killed a hippogriff
  2277 | D:8      | Found a glowing golden altar of the Shining One.
  2320 | D:8      | Reached XP level 9. HP: 70/84 MP: 9/9
  2356 | D:8      | Found a staircase to the Lair.
  2369 | D:8      | Reached skill level 11 in Unarmed Combat
  2425 | D:8      | Reached *** piety under Wu Jian
  2535 | D:9      | Found Neatsiam's Armour Emporium.
  2535 | D:9      | Found a staircase to the Orcish Mines.
  2544 | D:9      | Found Urigam's Weapon Emporium.
  2544 | D:9      | Noticed nikopol's ghost (novice DEFE)
  2561 | D:9      | Killed nikopol's ghost
  2584 | D:9      | Noticed a red ugly thing
  2601 | D:9      | Killed a red ugly thing
  2601 | D:9      | Reached skill level 5 in Fighting
  2601 | D:9      | Reached skill level 12 in Unarmed Combat
  2624 | D:9      | Noticed a two-headed ogre
  2698 | D:10     | Entered Level 10 of the Dungeon
  2782 | D:10     | Reached XP level 10. HP: 19/98 MP: 10/10
  2959 | D:10     | Reached skill level 13 in Unarmed Combat
  3066 | D:9      | Found a snail-covered altar of Cheibriados.
  3468 | D:11     | Reached **** piety under Wu Jian
  3673 | D:11     | Noticed a cyclops
  3678 | D:11     | Killed a cyclops
  3842 | D:11     | Reached skill level 14 in Unarmed Combat
  4076 | D:11     | Noticed a two-headed ogre
  4084 | D:11     | Killed a two-headed ogre
  4084 | D:11     | Reached XP level 11. HP: 92/109 MP: 11/11
  4106 | D:12     | Noticed a red ugly thing
  4121 | D:12     | Killed a red ugly thing
  4191 | D:12     | Gained mutation: Your body sometimes deteriorates upon taking damage. [mutagenic meat]
  4506 | D:14     | Noticed Agnes
  4514 | D:13     | Slain by Agnes

Vault maps used:
D:1:      grunt_arrival_lava_bath, minmay_close_crescents
D:2:      nicolae_dithmenos_shadow_blocks, nicolae_overflow_crystal_walls,
          lemuel_coloured_pillars_altar, kennysheep_flooded_box,
          minmay_misc_feat_diagonals, minmay_tromino_v4_c
D:3:      marbit_many_paths, first_bread, minmay_item_behind_shaft, uniq_jessica
D:4:      serial_shops, shop, cheibrodos_sewer_entry_sluice
D:5:      minmay_temple_entry_statues, serial_shops, nicolae_shop_crystal,
          nicolae_shop_trees
D:6:      basic_altar, uniq_blork_the_orc
D:7:      grunt_temple_overflow_order_and_chaos_2, uniq_menkaure
D:8:      old_forge, lair_entry_dummy, basic_altar
D:9:      old_standard_altar, orc_david_3, special_room
D:11:     david_nohive_1
D:13:     erik_vaults_2
D:14:     nrook_pool_corridor, uniq_agnes
Sewer:    sewer_kobolds

Skill      XL: |  1  2  3  4  5  6  7  8  9 10 |
---------------+-------------------------------+-----
Unarmed Combat | 3 4 5 6 7 9 10 12 14 | 14.5
Fighting       | 2 4 5 7 |  7.6
Dodging        | |  1.9
Spellcasting   | |  1.2
Charms         | |  2.0

Action                   |  1- 3 |  4- 6 |  7- 9 | 10-12 || total
-------------------------+-------+-------+-------+-------++-------
Melee: Unarmed           |    65 |   114 |   287 |   272 ||   738
Evoke: Wand              |       |     2 |     3 |     7 ||    12
  Use: Potion            |       |     2 |     2 |     6 ||    10
       Scroll            |       |     5 |     2 |     3 ||    10
 Stab: Invisible         |       |     1 |       |       ||     1
       Sleeping          |       |     1 |       |       ||     1
  Eat: Chunk             |     9 |     7 |    21 |    26 ||    63
       Fruit             |       |       |       |     1 ||     1
Armor: Robe              |    14 |    44 |    90 |    51 ||   199
Dodge: Dodged            |    12 |    20 |    39 |    43 ||   114
Block: Large shield      |    33 |    44 |   153 |   137 ||   367

Table legend:
 A = Spawn XP
 B = Non-spawn XP
 C = Spawn XP percentage of total XP
 D = Spawn monster count
 E = Non-spawn monster count
 F = Spawn count percentage of total count
 G = Total turns spent on level
                    A         B        C        D         E        F      G
               +---------+---------+-------+---------+---------+-------+---------
         Total |       0 |   12813 |   0.0 |       0 |     209 |   0.0 |  4514
               +---------+---------+-------+---------+---------+-------+---------
           D:1 |       0 |      15 |   0.0 |       0 |       9 |   0.0 |   186
           D:2 |       0 |      18 |   0.0 |       0 |       8 |   0.0 |   173
           D:3 |       0 |      77 |   0.0 |       0 |      13 |   0.0 |   411
           D:4 |       0 |     191 |   0.0 |       0 |      18 |   0.0 |   334
           D:5 |       0 |      47 |   0.0 |       0 |       3 |   0.0 |   172
           D:6 |       0 |     538 |   0.0 |       0 |      14 |   0.0 |   323
           D:7 |       0 |     810 |   0.0 |       0 |      16 |   0.0 |   360
           D:8 |       0 |    1401 |   0.0 |       0 |      35 |   0.0 |   456
           D:9 |       0 |    1630 |   0.0 |       0 |      11 |   0.0 |   307
          D:10 |       0 |    2399 |   0.0 |       0 |      14 |   0.0 |   408
          D:11 |       0 |    3795 |   0.0 |       0 |      30 |   0.0 |   856
          D:12 |       0 |    1104 |   0.0 |       0 |      21 |   0.0 |   158
          D:13 |       0 |     672 |   0.0 |       0 |       9 |   0.0 |   248
         Sewer |       0 |     116 |   0.0 |       0 |       8 |   0.0 |   120
               +---------+---------+-------+---------+---------+-------+---------
